 Dungeon Crawl Stone Soup version 0.31-a0-840-g6d2ecbb638 (webtiles) character file.

Game seed: 11721146717393115765

525 Ethylacetat the Ducker (level 7, -2/46 HPs)
             Began as an Octopode Gladiator on Sept 27, 2023.
             Slain by an ogre
             ... wielding a +0 giant club
              (24 damage)
             ... on level 4 of the Dungeon.
             The game lasted 00:06:15 (2450 turns).

Ethylacetat the Ducker (Octopode Gladiator)         Turns: 2450, Time: 00:06:16

Health: -2/46      AC:  1    Str: 13      XL:     7   Next: 23%
Magic:  0/9        EV: 14    Int: 10      God:
Gold:   160        SH:  4    Dex: 14 (16) Spells: 9/9 levels left

rFire   + . .        d - +0 dagger
rCold   . . .        g - +0 buckler
rNeg    . . .        a - +0 hat
rPois   .            m - amulet of guardian spirit
rElec   .            k - ring of willpower
rCorr   .            (no ring)
SInv    .            (no ring)
Will    +....        (no ring)
Stlth   +++          (no ring)
HPRegen 0.27/turn    (no ring)
MPRegen 0.11/turn    (no ring)
                     (no ring)

%: guardian spirit
@: no status effects
A: almost no armour, amphibious, 8 rings, camouflage 1, gelatinous body 1,
(nimble swimmer 1), tentacles, tentacle spike 1, deterioration 1, fire
resistance 1, inability to read after injury 1
a: no special abilities


You were on level 4 of the Dungeon.
You visited 1 branch of the dungeon, and saw 6 of its levels.

You collected 160 gold pieces.

Inventory:

Hand Weapons
 d - a +0 dagger (weapon)
Missiles
 b - 2 throwing nets (quivered)
 c - a javelin
Armour
 a - a +0 hat (worn)
 g - a +0 buckler (worn)
Jewellery
 k - a ring of willpower (left tentacle)
 m - an amulet of guardian spirit (around mantle)
Talismans
 f - a flux talisman
Wands
 o - a wand of quicksilver (2)
Scrolls
 i - a scroll of teleportation {unknown}
 j - 4 scrolls of identify {unknown}
 p - a scroll of fog {unknown}
 q - a scroll of noise {unknown}
Potions
 e - a potion of curing


   Skills:
 + Level 3.4 Fighting
 - Level 2.0 Throwing
 + Level 4.1 Dodging
 + Level 3.5 Stealth
 - Level 1.0 Shields
 + Level 4.1 Unarmed Combat
 + Level 1.6 Spellcasting
 * Level 3.3 Shapeshifting


You had 9 spell levels left.
You didn't know any spells.
Your spell library contained the following spells:

 Spells                   Type           Power      Damage    Failure   Level
 Apportation              Tloc           0%         N/A       43%         1
 Necrotise                Necr           0%         1d4       43%         1
 Summon Small Mammal      Summ           0%         N/A       43%         1


Dungeon Overview and Level Annotations

Branches:
Dungeon (6/15)
 Temple: D:4-7

Altars:


Innate Abilities, Weirdness & Mutations

You cannot wear most types of armour.
You are amphibious.
You can wear up to eight rings at the same time.
Your skin changes colour to match your surroundings (Stealth+).
Your rubbery body absorbs attacks. (AC +1, EV +1)
((You are camouflaged when in or above water. (Stealth+)))
You have tentacles for arms and can constrict up to eight enemies at once.
One of your tentacles bears a spike.
Your body sometimes deteriorates upon taking damage.
Your flesh is heat resistant. (rF+)
You occasionally lose the ability to read scrolls when taking damage.


Message History

* * * LOW HITPOINT WARNING * * *
You hit the hound.
You pierce the hound.
The hound is almost dead.
You constrict the hound. You block the hound's attack.
The hound bites you but does no damage.
You hit the hound.
You kill the hound!
You start resting.
Magic restored.
HP restored.
You see here a hound corpse.
Things that are here:
a +0 dagger; a +0 robe; an orc corpse You now have 144 gold pieces (gained 21).
You now have 160 gold pieces (gained 16).
Found a stone staircase leading up.
There is a stone staircase leading up here.
You climb upwards.
There is a stone staircase leading down here.
The ogre shouts!
The adder hisses angrily.
You hit the adder. Your grab misses the adder.
You pierce the adder, but do no damage.
The adder is moderately wounded.
The adder closely misses you.
You miss the adder. Your grab misses the adder.
The adder is moderately wounded.
The adder closely misses you.
The ogre hits you with a +0 giant club!!
Ouch! That really hurt!
You hit the adder. Your grab misses the adder.
The adder is heavily wounded.
The adder bites you. The adder closely misses you.
You hit the adder but do no damage. You grab the adder.
The adder is heavily wounded.
You constrict the adder, but do no damage.
The adder misses you.
The ogre hits you with a +0 giant club!!
Ouch! That really hurt!
You die...

.. ... ##
.... .##....
##.......
###........
##..>.......
#..O@......#
#...S.....###
#.........###
........###
......###
....## ...#
.##


You could see an ogre and an adder.

Vanquished Creatures
  A water moccasin (D:6)
  A sky beast (D:6)
  A phantom (D:6)
  A kobold brigand (D:6)
  A hound (D:5)
  Terence (D:3)
  An orc wizard (D:5)
  4 adders
  3 worms
  2 dart slugs (D:2)
  2 orcs (D:5)
  3 bats
  2 endoplasms
  3 giant cockroaches
  3 goblins (D:1)
  5 hobgoblins
  3 jackals (D:3)
  8 kobolds
  A quokka (D:1)
  3 ball pythons
  3 frilled lizards
  3 rats
55 creatures vanquished.

Notes
Turn   | Place    | Note
-------+----------+-------------------------------------------
     0 | D:1      | Ethylacetat the Octopode Gladiator began the quest for the
                  | Orb.
     0 | D:1      | Reached XP level 1. HP: 14/14 MP: 1/1
   174 | D:1      | Found a faded altar of an unknown god.
   183 | D:1      | Reached skill level 1 in Stealth
   183 | D:1      | Reached XP level 2. HP: 16/19 MP: 2/2
   750 | D:2      | Reached skill level 1 in Shapeshifting
   750 | D:2      | Reached XP level 3. HP: 21/24 MP: 3/3
   979 | D:2      | Reached XP level 4. HP: 30/30 MP: 4/4
  1466 | D:3      | Noticed Terence
  1477 | D:3      | Killed Terence
  1478 | D:3      | Reached skill level 1 in Shields
  1944 | D:3      | You fall into a shaft and drop 3 floors!
  1961 | D:6      | Reached XP level 5. HP: 35/35 MP: 5/5
  1980 | D:6      | Noticed a kobold brigand
  1996 | D:6      | Noticed a water moccasin
  1998 | D:6      | Noticed a sky beast
  2025 | D:6      | Killed a kobold brigand
  2029 | D:6      | Gained mutation: You occasionally lose the ability to read
                  | scrolls when taking damage. [potion of mutation]
  2029 | D:6      | Gained mutation: Your body sometimes deteriorates upon
                  | taking damage. [potion of mutation]
  2029 | D:6      | Gained mutation: One of your tentacles bears a spike.
                  | [potion of mutation]
  2029 | D:6      | Gained mutation: Your flesh is heat resistant. (rF+)
                  | [potion of mutation]
  2040 | D:6      | Killed a sky beast
  2041 | D:6      | Reached skill level 1 in Spellcasting
  2041 | D:6      | Reached XP level 6. HP: 3/42 MP: 0/7
  2079 | D:6      | Killed a water moccasin
  2166 | D:6      | Reached XP level 7. HP: 25/46 MP: 3/9
  2182 | D:5      | Entered Level 5 of the Dungeon
  2450 | D:4      | Slain by an ogre

Illustrated notes

Levels and vault maps discovered:
D:1:      dpeg_arrival_ternary, layout_loops_cross,
          ebering_ecumenical_altar_petrified
D:2:      layout_basic, grunt_ministairs_6, kennysheep_generic_room_10
D:3:      layout_loops_corners, zin_scriptorium, uniq_jessica, uniq_terence,
          uniq_natasha
D:4:      layout_cave_pods, nemelex_spade_bored_becter, uniq_ijyb
D:5:      layout_basic, fedhas_altar_decomposition,
          minmay_temple_entry_purple_smoke
D:6:      cheibrodos_fzero, layout_basic, lemuel_round_altar,
          serial_corexii_hall, corexii_hall_statues_i, corexii_hall_statues_x,
          kennysheep_small_circle, uniq_prince_ribbit1

Skill      XL: |  1  2  3  4  5  6 |
---------------+-------------------+-----
Stealth        | 1 2 3 |  3.5
Shapeshifting  | 1 2 3 |  3.3
Shields        | 1 |  1.0
Fighting       | 3 |  3.4
Spellcasting   | 1 |  1.6
Dodging        | 4 |  4.1
Unarmed Combat | 4 |  4.1
Throwing       | |  2.0

Action                     |  1- 3 |  4- 6 |  7- 9 || total
---------------------------+-------+-------+-------++-------
  Melee: Dagger            |    69 |   102 |    15 ||   186
         Constrict         |    21 |    14 |     5 ||    40
         Tentacles         |    14 |     9 |     3 ||    26
         Unarmed           |     1 |       |       ||     1
         Punch             |     3 |     4 |       ||     7
         Kick              |       |     8 |     8 ||    16
  Throw: Throwing net      |       |     3 |       ||     3
  Evoke: Wand              |       |     3 |       ||     3
    Use: Potion            |       |     9 |       ||     9
   Stab: Sleeping          |     6 |     8 |       ||    14
         Distracted        |     1 |       |       ||     1
 Armour: Skin              |    21 |    67 |    13 ||   101
  Dodge: Dodged            |    40 |    43 |    10 ||    93
  Block: Buckler           |    13 |    19 |     4 ||    36

Table legend: (Time is in decaauts)
 A = Elapsed time spent in this place.
 B = Non-inter-level travel time spent in this place.
 C = Inter-level travel time spent in this place.
 D = Time resting spent in this place.
 E = Time spent auto-exploring this place.
 F = Levels seen in this place.
 G = Mean time per level.
                   A        B        C        D        E       F      G
               +--------+--------+--------+--------+--------+-----+--------+
         Total |   2457 |   2378 |     79 |     92 |   1754 |   6 |  409.5 |
       Dungeon |   2457 |   2378 |     79 |     92 |   1754 |   6 |  409.5 |
               +--------+--------+--------+--------+--------+-----+--------+

Top non-repeatable levels by time:
     D:2: 760 daAuts
     D:1: 664 daAuts
     D:3: 523 daAuts
     D:5: 263 daAuts
     D:6: 241 daAuts
     D:4: 4 daAuts
